 Dungeon Crawl Stone Soup version 0.20-a0-960-ge493e74 (webtiles) character file.

389 Murumi the Covert (level 6, -9/52 HPs)
             Began as a Naga Assassin on Apr 7, 2017.
             Mangled by an ogre
             ... wielding a +0 giant spiked club
              (20 damage)
             ... on level 4 of the Dungeon.
             The game lasted 00:15:13 (3412 turns).

Murumi the Covert (Naga Assassin)                   Turns: 3412, Time: 00:15:13

Health: -9/52      AC:  7    Str: 14    XL:     6   Next: 79%
Magic:  0/6        EV: 16    Int: 14    God:
Gold:   266        SH:  0    Dex: 19    Spells: 5/5 levels left

rFire    . . .     SeeInvis +   a - +3 dagger
rCold    + . .     Gourm    .   (no shield)
rNeg     . . .     Faith    .   c - +0 robe
rPois    +         Spirit   +   u - +0 helmet {Int+3}
rElec    .         Reflect  .   d - +0 cloak
rCorr    .         Harm     .   (no gloves)
MR       .....                  (no barding)
Stlth    ++++++....             h - amulet of guardian spirit
Regen    0.2/turn               n - +2 ring of protection
MPRegen  0.1/turn               o - ring of protection from cold

@: agile, very slow
A: see invisible, deformed body, poison resistance, slowness 2, slow metabolism
1, spit poison 1, AC +2
a: Spit Poison


You were on level 4 of the Dungeon.
You were not hungry.

You visited 1 branch of the dungeon, and saw 4 of its levels.

You collected 266 gold pieces.

Inventory:

Hand Weapons
 a - a +3 dagger (weapon)
 b - a +0 blowgun
Missiles
 e - 8 poisoned needles
 f - 2 curare-tipped needles
 j - 81 stones
 l - 4 javelins (quivered)
 s - a tomahawk
Armour
 c - a +0 robe (worn)
 d - a +0 cloak (worn)
 u - a +0 helmet of intelligence (worn)
Jewellery
 h - an amulet of guardian spirit (around neck)
 n - a +2 ring of protection (left hand)
 o - a ring of protection from cold (right hand)
 r - an uncursed amulet of harm {unknown}
 v - an uncursed amulet of the gourmand {unknown}
Scrolls
 i - 2 scrolls of magic mapping
 m - a scroll of remove curse
 q - a scroll of recharging
 w - a scroll of enchant weapon
Potions
 p - a potion of curing
 t - a potion of mutation {unknown}
Comestibles
 g - 3 bread rations


   Skills:
 + Level 2.2 Fighting
 - Level 2.0 Short Blades
 - Level 2.0 Throwing
 - Level 2.0 Dodging
 - Level 11.0 Stealth


You had 5 spell levels left.
You didn't know any spells.

Dungeon Overview and Level Annotations

Branches:
Dungeon (4/15)
 Temple: D:4-7

Altars:


Innate Abilities, Weirdness & Mutations

You cannot wear boots.
Your serpentine skin is tough. (AC +2)
You have supernaturally acute eyesight. (SInv)
Armour fits poorly on your strangely shaped body.
Your system is resistant to poisons. (rPois)
You cover ground very slowly.
You have a slow metabolism.
You can spit poison.


Message History

You closely miss the ogre.
The ogre is moderately wounded.
The ogre closely misses you.
You completely miss the ogre.
The ogre is moderately wounded.
The ogre closely misses you.
You hit the ogre.
The ogre is heavily wounded.
You hit the ogre.
The ogre is heavily wounded.
The ogre misses you.
You hit the ogre.
The ogre is heavily wounded.
You hit the ogre.
The ogre is severely wounded.
The ogre misses you.
You completely miss the ogre.
The ogre is severely wounded.
The ogre hits you with a giant spiked club!!
You die...

#.# #.# #.#
##################.#
#>.lO@.........(.#.#
#.############.#.#.#
#.# #...#.# #l#
##..#.# #.# #..#.#
#.# #....# #.#
#######..#.# ...
...........# #.#
########.#.#


You could see an ogre and an iguana.

Vanquished Creatures
  Sigmund (D:2)
  A water moccasin skeleton (D:4)
  An orc priest (D:2)
  An iguana (D:3)
  An orc wizard (D:3)
  2 adders
  A worm (D:3)
  3 dart slugs (D:3)
  2 leopard geckos (D:2)
  12 orcs
  5 giant cockroaches (D:1)
  6 goblins
  5 hobgoblins
  2 jackals (D:2)
  2 quokkas
  3 ball pythons
  7 bats
  3 frilled lizards
  7 kobolds
  12 rats
77 creatures vanquished.

Notes
Turn   | Place    | Note
-------+----------+-------------------------------------------
     0 | D:1      | Murumi the Naga Assassin began the quest for the Orb.
     0 | D:1      | Reached XP level 1. HP: 19/19 MP: 1/1
   131 | D:1      | Reached skill level 6 in Stealth
   200 | D:1      | Reached skill level 1 in Dodging
   356 | D:1      | Reached XP level 2. HP: 13/26 MP: 2/2
  1222 | D:1      | Reached skill level 7 in Stealth
  1222 | D:1      | Reached XP level 3. HP: 32/32 MP: 3/3
  1854 | D:2      | Noticed Sigmund
  1862 | D:2      | Killed Sigmund
  1862 | D:2      | Reached skill level 10 in Stealth
  1862 | D:2      | Reached XP level 4. HP: 22/39 MP: 2/4
  1862 | D:2      | Reached XP level 5. HP: 25/45 MP: 2/5
  2298 | D:2      | Reached XP level 6. HP: 43/52 MP: 4/6
  2863 | D:3      | Reached skill level 11 in Stealth
  3412 | D:4      | Mangled by an ogre

Vault maps used:
D:1:      scummos_arrival_forest, roderic_lattice_a, minivault_14
D:2:      minivault_26, uniq_sigmund
D:3:      first_bread
D:4:      minmay_temple_entry_poolview

Skill      XL: |  1  2  3  4  5  6 |
---------------+-------------------+-----
Stealth        | 6 7 10 11 | 11.0
Dodging        | 1 2 |  2.0
Throwing       | 2 |  2.0
Fighting       | |  2.2
Short Blades   | |  2.0

Action                   |  1- 3 |  4- 6 || total
-------------------------+-------+-------++-------
Melee: Dagger            |   116 |   100 ||   216
 Fire: Blowgun           |     3 |       ||     3
Throw: Stone             |    11 |       ||    11
       Javelin           |     4 |     3 ||     7
 Abil: Spit Poison       |       |     3 ||     3
  Use: Scroll            |     5 |     2 ||     7
       Potion            |       |     1 ||     1
 Stab: Sleeping          |    15 |    16 ||    31
       Distracted        |       |     1 ||     1
  Eat: Chunk             |     2 |     4 ||     6
Armor: Robe              |    28 |    26 ||    54
Dodge: Dodged            |    42 |    42 ||    84
